 Dungeon Sprint DCSS version 0.22-a0-393-g7f50228948 (webtiles) character file.

295091 Hephaistos the Demonic Aeon (level 18, -10/182 HPs)
             Began as a Demonspawn Gladiator on May 3, 2018.
             Was the Champion of Cheibriados.
             Killed by drain life
             ... invoked by a deathcap
             ... summoned by a curse toe
              (18 damage)
             ... in the Dungeon (Sprint IX: "|||||||||||||||||||||||||||||").
             The game lasted 00:15:59 (5978 turns).

Hephaistos the Demonic Aeon (Demonspawn Gladiator)  Turns: 5978, Time: 00:16:00

Health: -10/182    AC: 49    Str: 38    XL:     18   Next: 55%
Magic:  0/35       EV: 41    Int: 26    God:    Cheibriados [******]
Gold:   146        SH:  0    Dex: 48    Spells: 17/17 levels left

rFire    + + +     SeeInvis .   I - +9 lajatang (vamp)
rCold    + . .     Gourm    .   (shield currently unavailable)
rNeg     . . .     Faith    +   P - +15 Maxwell's patent armour {-Cast -Tele rElec MR+ rCorr}
rPois    .         Spirit   +   (helmet unavailable)
rElec    +         Reflect  .   O - +2 cloak {+Inv}
rCorr    +         Harm     .   u - +2 pair of gloves
MR       +++..     NoTele   +   x - +2 pair of boots Stlth ..........NoCast +
                                R - amulet "Neifil" {Faith Str+3 Dex+6}
HPRegen  0.40/turn              b - ring of Xom's Amusement {rElec MR+ MP+9 Dex+8 Stlth-}
MPRegen  0.48/turn              T - ring of Zuomics {rF++ rC+ MP-9 Str+5}

@: repel missiles, very slow
A: hooves 1, horns 3, repulsion field 3, clumsy 1, fire resistance 1, spiny 3,
wild magic 1, magic shield, magic regeneration, flame cloud immunity
}: 5/15 runes: decaying, serpentine, barnacled, silver, gossamer
a: Bend Time, Temporal Distortion, Slouch, Step From Time, Renounce Religion,
Evoke Invisibility


You were in the Dungeon.
You worshipped Cheibriados.
Cheibriados was exalted by your worship.
You were not hungry.

You visited 1 branch You collected 1955 gold pieces.
You spent 1809 gold pieces at shops.

Inventory:

Hand Weapons
 I - a +9 vampiric lajatang (weapon)
 N - a +0 quarterstaff of crushing
Missiles
 d - 5 throwing nets (quivered)
Armour
 u - a +2 pair of gloves (worn)
 x - a +2 pair of boots (worn)
 O - a +2 cloak of invisibility (worn)
 P - the +15 Maxwell's patent armour (worn) {-Cast -Tele rElec MR+ rCorr}
   (You found it in the Dungeon)

   It insulates you from electricity.
   It affects your resistance to hostile enchantments.
   It prevents spellcasting.
   It prevents most forms of teleportation.
   It protects you from acid and corrosion.
Jewellery
 b - the ring of Xom's Amusement (left hand) {rElec MR+ MP+9 Dex+8 Stlth-}
   (You bought it in a shop in the Dungeon)

   [ring of protection from magic]

   It affects your dexterity (+8).
   It insulates you from electricity.
   It affects your resistance to hostile enchantments.
   It affects your magic capacity (+9).
   It makes you less stealthy.
 R - the amulet "Neifil" (around neck) {Faith Str+3 Dex+6}
   (You found it in the Dungeon)

   [amulet of faith]

   It allows you to gain divine favour quickly.
   It affects your strength (+3).
   It affects your dexterity (+6).
 T - the ring of Zuomics (right hand) {rF++ rC+ MP-9 Str+5}
   (You found it in the Dungeon)

   [ring of protection from cold]

   It affects your strength (+5).
   It greatly protects you from fire.
   It protects you from cold.
   It affects your magic capacity (-9).
Wands
 c - a wand of iceblast (8)
 n - a wand of acid (4)
 F - a wand of flame (28)
Scrolls
 k - 5 scrolls of blinking
 l - 4 scrolls of remove curse
 m - 2 scrolls of amnesia
 o - 3 scrolls of fear
 v - 7 scrolls of enchant armour
 w - 5 scrolls of identify
 G - 6 scrolls of fog
Potions
 e - 7 potions of curing
 g - 17 potions of heal wounds
 h - 6 potions of haste
 i - 4 potions of magic
 j - 2 potions of invisibility
 s - 3 potions of brilliance
 t - 8 potions of agility
 z - 6 potions of might
 H - a potion of ambrosia {unknown}
Comestibles
 a - 4 chunks of flesh
 f - 8 rations


   Skills:
 O Level 27 Fighting
 O Level 27 Staves
 - Level 1.7 Throwing
 O Level 27 Armour
 + Level 22.7 Dodging
 O Level 27 Invocations


You had 17 spell levels left.
You didn't know any spells.

Dungeon Overview and Level Annotations

Branches:
Dungeon (1/1)

Altars:
Cheibriados
Dithmenos
Elyvilon
Fedhas
Gozag
Hepliaklqana
Kikubaaqudgha
Makhleb
Nemelex Xobeh
Okawaru
Qazlal
Ru
Sif Muna
Trog
Uskayaw
Vehumet
Wu Jian
Xom
Yredelemnul
Zin
The Shining One
Beogh
Jiyva
Lugonu

Shops:
D !=!?


Innate Abilities, Weirdness & Mutations

You have a pair of large horns on your head.
You are surrounded by a strong repulsion field. (EV +4, RMsl)
Your flesh is heat resistant. (rF+)
You are completely covered in sharp spines.
When hurt, damage is shared between your health and your magic reserves.
You regenerate magic rapidly.
You are immune to clouds of flame.
You have large cloven feet.
You are clumsy. (Dex -2)
Your spells are a little harder to cast, but a little more powerful.


Message History

a long sword; a cloak; a black draconian corpse You hit the storm dragon but do no damage.
You headbutt the storm dragon!
The storm dragon is almost dead.
You feel you are being watched by something.
The deathcap draws from the surrounding life force!
* * * LOW HITPOINT WARNING * * *
The deathcap is healed.
The storm dragon closely misses you. The storm dragon misses you.
The storm dragon tramples you but does no damage.
The red draconian shifter casts a spell.
You slice the storm dragon!!
You kill the storm dragon!
Cheibriados appreciates the change of pace.
The storm dragon scales are intact enough to wear.
The wandering mushroom is struck by your spines.
The wandering mushroom completely misses you.
You feel you are being watched by something.
The deathcap draws from the surrounding life force!
You die...

▓.▓.▓.▓[▓.▓.▓.▓.
▓.▓.▓}▓.▓[▓.▓.▓.▓.
▓q▓.▓.▓.▓)▓.▓.▓.▓.
▓§▓.▓)▓.▓}▓.▓.▓.▓'
▓{▓.▓.▓.▓[▓.▓.▓.▓.
▓z▓.▓.▓.▓)▓.▓.▓.▓.
▓f▓.▓.▓.▓'▓.▓†▓.▓.
▓f▓.▓.▓.▓.▓.▓†▓.▓.
▓@▓.▓.▓.▓.▓.▓.▓.▓.
▓[▓.▓.▓.▓.▓.▓.▓.▓.
▓f▓.▓.▓.▓.▓.▓†▓.▓.
▓f▓.▓.▓.▓.▓.▓'▓.▓.
▓.▓.▓.▓.▓.▓.▓.▓.▓.
▓.▓)▓.▓.▓.▓.▓.▓)▓.
▓.▓.▓.▓.▓.▓.▓.▓.▓.
▓)▓.▓.▓.▓.▓.▓.▓.▓.
▓)▓.▓.▓.▓)▓.▓.▓.▓.


You could see a curse toe, a red draconian shifter, a deathcap and 3 wandering
mushrooms.

Vanquished Creatures
  Mennas (D)
  An ancient lich (D)
  Mara (D)
  Sojobo (D)
  Boris (D)
  Frederick (D)
  Xtahua (D)
  5 golden dragons (D)
  Jory (D)
  A bone dragon (D)
  4 tentacled monstrosities (D)
  2 liches (D)
  An Orb Guardian (D)
  A sphinx (D)
  A quicksilver dragon (D)
  Agnes (D)
  9 shadow dragons (D)
  2 tengu reavers (D)
  2 storm dragons (D)
  Ilsuiw (D)
  2 fire giants (D)
  5 nagarajas (D)
  A frost giant (D)
  Louise (D)
  4 ghost moths (D)
  3 draconian scorchers (D)
  3 vault wardens (D)
  A draconian shifter (D)
  A draconian stormcaller (D)
  3 emperor scorpions (D)
  4 ironheart preservers (D)
  A draconian annihilator (D)
  3 stone giants (D)
  Nessos (D)
  3 green draconians (D)
  5 white draconians (D)
  3 black draconians (D)
  2 red draconians (D)
  A yellow draconian (D)
  A purple draconian (D)
  A spark wasp (D)
  Snorg (D)
  An ettin (D)
  4 merfolk javelineers (D)
  4 merfolk impalers (D)
  6 fire dragons (D)
  25 vault guards (D)
  4 yaktaur captains (D)
  2 great orbs of eyes (D)
  4 naga warriors (D)
  8 hydras (D)
  A rakshasa (D)
  6 ice dragons (D)
  A spriggan air mage (D)
  4 centaur warriors (D)
  Erica (D)
  2 merfolk aquamancers (D)
  A satyr (D)
  2 vampire magi (D)
  2 deep troll shamans (D)
  A tengu warrior (D)
  10 orc high priests (D)
  Urug (D)
  A deep elf knight (D)
  A shadow wraith (D)
  A sea snake (D)
  A wizard (D)
  5 swamp dragons (D)
  A deep elf archer (D)
  2 ironbrand convokers (D)
  An orb spider (shapeshifter) (D)
  5 orc knights (D)
  An ugly thing (D)
  6 moths of wrath (D)
  3 wolf spiders (D)
  A manticore (D)
  3 cyclopes (D)
  A deep elf mage (D)
  Maurice (D)
  2 guardian serpents (D)
  An elephant (D)
  5 black mambas (D)
  3 naga magi (D)
  A gargoyle (D)
  3 vault sentinels (D)
  4 spiny frogs (D)
  A yaktaur (D)
  2 komodo dragons (D)
  A komodo dragon (shapeshifter) (D)
  3 demonic crawlers (D)
  3 freezing wraiths (D)
  4 merfolk (D)
  2 jumping spiders (D)
  A hornet (shapeshifter) (D)
  2 bog bodies (D)
  4 hornets (D)
  4 slime creatures (D)
  3 hippogriffs (D)
  A snapping turtle (D)
  3 redbacks (D)
  A spriggan (D)
  4 tarantellas (D)
  A water elemental (D)
  A wyvern (D)
  A wraith (D)
  A yak (shapeshifter) (D)
  2 vampire mosquitoes (D)
  A swamp worm (shapeshifter) (D)
  A warg (D)
  3 nagas (D)
  A water moccasin (D)
  3 hell hounds (D)
  A sky beast (D)
  5 porcupines (D)
  3 swamp drakes (D)
  9 orc warriors (D)
  2 centaurs (D)
  An ogre (D)
  4 wolves (D)
  2 crocodiles (D)
  4 bullfrogs (D)
  A scorpion (D)
  A wight (D)
  A crimson imp (D)
  6 orc priests (D)
  An orc wizard (D)
  2 worker ants (D)
  A shadow imp (D)
  10 orcs (D)
  A bat zombie (D)
  3 goblins (D)
  A quokka (D)
  A bat (D)
  A rat (D)
346 creatures vanquished.

Vanquished Creatures (others)
  A lich (D)
  A merfolk impaler (D)
  A merfolk aquamancer (D)
  A phantasmal warrior (D)
4 creatures vanquished.

Grand Total: 350 creatures vanquished

Notes
Turn   | Place    | Note
-------+----------+-------------------------------------------
     0 | D        | Hephaistos the Demonspawn Gladiator began the quest for the Orb.
     0 | D        | Reached XP level 1. HP: 16/16 MP: 1/1
   140 | D        | Noticed a scorpion
   140 | D        | Noticed a centaur
   140 | D        | Noticed a sky beast
   140 | D        | Noticed a worker ant
   140 | D        | Noticed a centaur
   146 | D        | Killed a centaur
   146 | D        | Gained mutation: You are partially covered in sharp spines. [demonic ancestry]
   146 | D        | Reached XP level 2. HP: 22/22 MP: 2/2
   146 | D        | Gained mutation: When hurt, damage is shared between your health and your magic reserves. [demonic ancestry]
   146 | D        | Reached XP level 3. HP: 27/27 MP: 3/3
   146 | D        | Reached XP level 4. HP: 33/33 MP: 4/4
   152 | D        | Killed a sky beast
   152 | D        | Reached skill level 10 in Staves
   152 | D        | Gained mutation: You regenerate magic rapidly. [demonic ancestry]
   152 | D        | Reached XP level 5. HP: 26/38 MP: 2/5
   155 | D        | Killed a centaur
   161 | D        | Reached XP level 6. HP: 22/44 MP: 2/6
   202 | D        | Found a roughly hewn altar of Beogh.
   202 | D        | Found a snail-covered altar of Cheibriados.
   202 | D        | Found a shadowy altar of Dithmenos.
   202 | D        | Found a white marble altar of Elyvilon.
   202 | D        | Found a blossoming altar of Fedhas.
   202 | D        | Found an opulent altar of Gozag.
   203 | D        | Found a hazy altar of Hepliaklqana.
   204 | D        | Found a viscous altar of Jiyva.
   205 | D        | Found an ancient bone altar of Kikubaaqudgha.
   206 | D        | Found a corrupted altar of Lugonu.
   207 | D        | Found a burning altar of Makhleb.
   208 | D        | Found a sparkling altar of Nemelex Xobeh.
   209 | D        | Found an iron altar of Okawaru.
   210 | D        | Found a stormy altar of Qazlal.
   211 | D        | Found a sacrificial altar of Ru.
   212 | D        | Found a deep blue altar of Sif Muna.
   213 | D        | Found a bloodstained altar of Trog.
   214 | D        | Found a hide-covered altar of Uskayaw.
   215 | D        | Found a radiant altar of Vehumet.
   216 | D        | Found an ornate altar of the Wu Jian Council.
   217 | D        | Found a shimmering altar of Xom.
   218 | D        | Found a basalt altar of Yredelemnul.
   219 | D        | Found a glowing silver altar of Zin.
   234 | D        | Became a worshipper of Cheibriados the Contemplative
   249 | D        | Found a glowing golden altar of the Shining One.
   292 | D        | Noticed a hornet
   295 | D        | Reached skill level 1 in Invocations
   296 | D        | Reached * piety under Cheibriados
   296 | D        | Paralysed by a hornet for 2 turns
   299 | D        | Killed a hornet
   299 | D        | Reached ** piety under Cheibriados
   299 | D        | Reached skill level 1 in Armour
   299 | D        | Gained mutation: You are mostly covered in sharp spines. [demonic ancestry]
   299 | D        | Reached XP level 7. HP: 28/52 MP: 4/10
   411 | D        | Noticed a centaur warrior
   413 | D        | Reached *** piety under Cheibriados
   414 | D        | Reached skill level 5 in Dodging
   414 | D        | Reached skill level 5 in Invocations
   415 | D        | Killed a centaur warrior
   415 | D        | Reached **** piety under Cheibriados
   415 | D        | Gained mutation: You have a pair of small horns on your head. [demonic ancestry]
   415 | D        | Reached XP level 8. HP: 49/61 MP: 7/13
   418 | D        | Reached skill level 5 in Fighting
   528 | D        | Gained mutation: Your magical capacity is low. (-10% MP) [potion of mutation]
   528 | D        | Gained mutation: Your flesh is heat resistant. (rF+) [potion of mutation]
   528 | D        | Gained mutation: Scrolls take you a little longer to read. [potion of mutation]
   528 | D        | Gained mutation: Your flesh is cold resistant. (rC+) [potion of mutation]
   529 | D        | Noticed a komodo dragon
   529 | D        | Noticed a spiny frog
   529 | D        | Noticed a spiny frog
   530 | D        | Reached ***** piety under Cheibriados
   531 | D        | Killed a spiny frog
   531 | D        | Gained mutation: You are surrounded by a mild repulsion field. (EV +2) [demonic ancestry]
   531 | D        | Reached XP level 9. HP: 69/69 MP: 7/14
   532 | D        | Killed a spiny frog
   534 | D        | Reached ****** piety under Cheibriados
   534 | D        | Killed a komodo dragon
   536 | D        | Noticed a komodo dragon
   544 | D        | Reached skill level 5 in Armour
   544 | D        | Reached skill level 10 in Invocations
   550 | D        | Killed a komodo dragon
   690 | D        | Noticed an elephant
   695 | D        | Reached skill level 15 in Staves
   701 | D        | Killed an elephant
   701 | D        | Gained mutation: You are surrounded by a moderate repulsion field. (EV +3) [demonic ancestry]
   701 | D        | Reached XP level 10. HP: 78/79 MP: 2/16
   882 | D        | Noticed an orc knight
   890 | D        | Killed an orc knight
   941 | D        | Noticed an orc knight
   941 | D        | Noticed an orc knight
   941 | D        | Noticed an orc high priest
   945 | D        | Killed an orc high priest
   945 | D        | Reached skill level 15 in Invocations
   949 | D        | Killed an orc knight
   949 | D        | Reached skill level 10 in Dodging
   950 | D        | Killed an orc knight
   955 | D        | Reached XP level 11. HP: 77/87 MP: 5/20
   958 | D        | Noticed an orc knight
   978 | D        | Killed an orc knight
  1273 | D        | Found Zeliusch's Magic Scroll Boutique.
  1273 | D        | Noticed an orc high priest
  1273 | D        | Noticed an orc high priest
  1273 | D        | Noticed an orc high priest
  1273 | D        | Noticed an orc high priest
  1273 | D        | Noticed an orc high priest
  1277 | D        | Killed an orc high priest
  1277 | D        | Killed an orc high priest
  1277 | D        | Killed an orc high priest
  1278 | D        | Found Rikky's Distillery.
  1279 | D        | Killed an orc high priest
  1279 | D        | Killed an orc high priest
  1280 | D        | Noticed an orc high priest
  1287 | D        | Killed an orc high priest
  1288 | D        | Found Zuuc's Jewellery Boutique.
  1289 | D        | Noticed an orc high priest
  1290 | D        | Found Puzapif's Distillery.
  1292 | D        | Noticed a soul eater
  1292 | D        | Noticed an orc high priest
  1297 | D        | Killed an orc high priest
  1303 | D        | Killed an orc high priest
  1352 | D        | Noticed an orc high priest
  1358 | D        | Killed an orc high priest
  1392 | D        | Bought the ring of Xom's Amusement {rElec MR+ MP+9 Dex+8 Stlth-} for 806 gold pieces
  1396 | D        | Bought a potion of heal wounds for 55 gold pieces
  1396 | D        | Bought a potion of mutation for 88 gold pieces
  1396 | D        | Bought a potion of heal wounds for 55 gold pieces
  1396 | D        | Bought a potion of agility for 44 gold pieces
  1398 | D        | Bought an uncursed ring of poison resistance for 220 gold pieces
  1400 | D        | Bought a potion of heal wounds for 60 gold pieces
  1400 | D        | Bought a potion of might for 48 gold pieces
  1400 | D        | Bought a potion of might for 48 gold pieces
  1400 | D        | Bought a potion of might for 48 gold pieces
  1400 | D        | Bought a potion of heal wounds for 60 gold pieces
  1400 | D        | Bought a potion of agility for 48 gold pieces
  1400 | D        | Bought a potion of curing for 36 gold pieces
  1400 | D        | Bought a potion of mutation for 96 gold pieces
  1402 | D        | Bought a scroll of enchant armour for 97 gold pieces
  1404 | D        | Lost mutation: Scrolls take you a little longer to read. [potion of mutation]
  1404 | D        | Lost mutation: Your flesh is heat resistant. (rF+) [potion of mutation]
  1404 | D        | Lost mutation: Your magical capacity is low. (-10% MP) [potion of mutation]
  1404 | D        | Gained mutation: You expend magic power (3 MP) to strengthen your wands. [potion of mutation]
  1404 | D        | Gained mutation: Your mind is acute. (Int +2) [potion of mutation]
  1405 | D        | Lost mutation: Your mind is acute. (Int +2) [potion of mutation]
  1405 | D        | Lost mutation: Your flesh is cold resistant. (rC+) [potion of mutation]
  1405 | D        | Lost mutation: You expend magic power (3 MP) to strengthen your wands. [potion of mutation]
  1405 | D        | Gained mutation: You are clumsy. (Dex -2) [potion of mutation]
  1405 | D        | Gained mutation: Your spells are a little harder to cast, but a little more powerful. [potion of mutation]
  1405 | D        | Gained mutation: You have large cloven feet. [potion of mutation]
  1453 | D        | Noticed Maurice
  1458 | D        | Noticed Urug
  1481 | D        | Killed Urug
  1485 | D        | Killed Maurice
  1770 | D        | Noticed a centaur warrior
  1770 | D        | Noticed a six-headed hydra
  1770 | D        | Noticed a centaur warrior
  1772 | D        | Killed a centaur warrior
  1772 | D        | Reached XP level 12. HP: 83/96 MP: 23/27
  1772 | D        | Killed a centaur warrior
  1776 | D        | Killed a six-headed hydra
  1780 | D        | Noticed a stone giant
  1781 | D        | Noticed a deep troll shaman
  1783 | D        | Reached skill level 10 in Fighting
  1784 | D        | Noticed a great orb of eyes
  1791 | D        | Killed a stone giant
  1794 | D        | Killed a deep troll shaman
  1800 | D        | Killed a great orb of eyes
  1939 | D        | Noticed a frost giant
  1949 | D        | Killed a frost giant
  2090 | D        | Noticed Nessos
  2096 | D        | Killed Nessos
  2112 | D        | Noticed Snorg
  2127 | D        | Killed Snorg
  2392 | D        | Noticed a merfolk aquamancer
  2395 | D        | Noticed a satyr
  2398 | D        | Killed a merfolk aquamancer
  2398 | D        | Killed a satyr
  2403 | D        | Noticed a merfolk impaler
  2408 | D        | Gained mutation: You have a pair of horns on your head. [demonic ancestry]
  2408 | D        | Reached XP level 13. HP: 71/104 MP: 18/30
  2418 | D        | Killed a merfolk impaler
  2632 | D        | Reached skill level 10 in Armour
  2632 | D        | Reached skill level 27 in Invocations
  2854 | D        | Noticed an emperor scorpion
  2870 | D        | Killed an emperor scorpion
  2879 | D        | Killed a ghost moth
  3285 | D        | Noticed Agnes
  3297 | D        | Killed Agnes
  3560 | D        | Noticed Erica
  3568 | D        | Killed Erica
  3600 | D        | Noticed a lich
  3607 | D        | Killed a lich
  3618 | D        | Gained mutation: You are completely covered in sharp spines. [demonic ancestry]
  3618 | D        | Reached XP level 14. HP: 115/121 MP: 17/31
  3623 | D        | Reached skill level 15 in Armour
  3631 | D        | Reached skill level 15 in Fighting
  3754 | D        | Noticed a stone giant
  3755 | D        | Noticed a stone giant
  3767 | D        | Killed a stone giant
  3773 | D        | Killed a stone giant
  3781 | D        | Noticed an ironheart preserver
  3788 | D        | Killed an ironheart preserver
  3850 | D        | Noticed Mennas
  3859 | D        | Killed Mennas
  4001 | D        | Found the +15 Maxwell's patent armour {-Cast -Tele rElec MR+ rCorr}
  4116 | D        | Noticed Jory
  4131 | D        | Killed Jory
  4320 | D        | Noticed Ilsuiw
  4343 | D        | Gained mutation: You have a pair of large horns on your head. [demonic ancestry]
  4343 | D        | Reached XP level 15. HP: 129/137 MP: 24/32
  4347 | D        | Killed Ilsuiw
  4380 | D        | Got a barnacled rune of Zot
  4443 | D        | Got a decaying rune of Zot
  4456 | D        | Noticed a nagaraja
  4457 | D        | Noticed a nagaraja
  4471 | D        | Noticed a nagaraja
  4471 | D        | Killed a nagaraja
  4473 | D        | Noticed a nagaraja
  4474 | D        | Killed a nagaraja
  4475 | D        | Noticed a nagaraja
  4484 | D        | Killed a nagaraja
  4492 | D        | Killed a nagaraja
  4499 | D        | Killed a nagaraja
  4516 | D        | Got a serpentine rune of Zot
  4546 | D        | Killed a ghost moth
  4559 | D        | Killed a ghost moth
  4601 | D        | Got a gossamer rune of Zot
  4712 | D        | Noticed Xtahua
  4722 | D        | Killed Xtahua
  4808 | D        | Noticed Mara
  4814 | D        | Noticed Hephaistos's illusion
  4837 | D        | Noticed Hephaistos's illusion
  4837 | D        | Killed Mara
  4837 | D        | Gained mutation: Your flesh is heat resistant. (rF+) [demonic ancestry]
  4837 | D        | Reached XP level 16. HP: 120/154 MP: 11/33
  5012 | D        | Noticed a sphinx
  5037 | D        | Killed a sphinx
  5041 | D        | Noticed a shadow dragon
  5055 | D        | Noticed a shadow dragon
  5070 | D        | Killed a shadow dragon
  5076 | D        | Noticed an ancient lich
  5076 | D        | Noticed an Orb Guardian
  5076 | D        | Noticed a lich
  5079 | D        | Killed a shadow dragon
  5082 | D        | Killed a lich
  5091 | D        | Killed an ancient lich
  5101 | D        | Killed an Orb Guardian
  5105 | D        | Noticed Boris
  5133 | D        | Killed Boris
  5133 | D        | Gained mutation: You are immune to clouds of flame. [demonic ancestry]
  5133 | D        | Reached XP level 17. HP: 72/173 MP: 14/34
  5170 | D        | Noticed a lich
  5171 | D        | Found the +3 robe of Folly {Archmagi, MR-- Int+5}
  5171 | D        | Noticed a tentacled monstrosity
  5189 | D        | Reached skill level 27 in Fighting
  5192 | D        | Killed a lich
  5197 | D        | Killed a tentacled monstrosity
  5223 | D        | Got a silver rune of Zot
  5427 | D        | Noticed Sojobo
  5450 | D        | Killed Sojobo
  5450 | D        | Reached skill level 27 in Staves
  5480 | D        | Noticed Louise
  5502 | D        | Killed Louise
  5541 | D        | Got the amulet of Psychosis {+Rage rN+}
  5543 | D        | Got the amulet "Neifil" {Faith Str+3 Dex+6}
  5545 | D        | Found the +8 glaive of the Guard {elec, +Rage AC+5 SInv}
  5545 | D        | Got the amulet of Uteshrea {Faith rF+ Str+3}
  5547 | D        | Got the ring of Zuomics {rF++ rC+ MP-9 Str+5}
  5549 | D        | Found the +8 autumn katana {slice, Clar}
  5549 | D        | Got the ring "Petsid" {AC+3 Dex+4}
  5666 | D        | Noticed Frederick
  5675 | D        | Killed Frederick
  5726 | D        | Noticed a tentacled monstrosity
  5726 | D        | Noticed a tentacled monstrosity
  5733 | D        | Killed a tentacled monstrosity
  5737 | D        | Killed a tentacled monstrosity
  5765 | D        | Noticed a golden dragon
  5765 | D        | Noticed a bone dragon
  5770 | D        | Killed a bone dragon
  5772 | D        | Killed a golden dragon
  5804 | D        | Gained mutation: You are surrounded by a strong repulsion field. (EV +4, RMsl) [demonic ancestry]
  5804 | D        | Reached XP level 18. HP: 182/182 MP: 35/35
  5812 | D        | Noticed a tentacled monstrosity
  5812 | D        | Noticed a golden dragon
  5826 | D        | Killed a golden dragon
  5826 | D        | Reached skill level 27 in Armour
  5826 | D        | Reached skill level 15 in Dodging
  5832 | D        | Killed a tentacled monstrosity
  5862 | D        | Noticed a golden dragon
  5892 | D        | Killed a golden dragon
  5919 | D        | Noticed a golden dragon
  5932 | D        | Killed a golden dragon
  5943 | D        | Noticed a curse toe
  5943 | D        | Noticed a golden dragon
  5948 | D        | Killed a golden dragon
  5977 | D        | HP: 8/182 [deathcap/drain life[a curse toe] (19)]
  5978 | D        | Killed from afar by a deathcap

Vault maps used:
D:        linesprint

Skill      XL: |  1  2  3  4  5  6  7  8  9 10 11 12 13 14 15 16 17 18 |
---------------+-------------------------------------------------------+-----
Staves         | 8 10 11 12 13 14 15 16 17 18 21 24 27 | 27.0
Dodging        | 4 6 7 9 10 11 12 14 22 | 22.7
Invocations    | 4 7 9 11 16 22 26 27 | 27.0
Fighting       | 3 4 5 7 8 9 10 14 18 22 26 27 | 27.0
Armour         | 1 3 4 6 7 8 9 14 18 20 21 26 27 | 27.0
Throwing       | |  1.7

Action                   |  1- 3 |  4- 6 |  7- 9 | 10-12 | 13-15 | 16-18 || total
-------------------------+-------+-------+-------+-------+-------+-------++-------
Melee: Quarterstaff      |    20 |    17 |    32 |   132 |    74 |       ||   275
       Headbutt          |       |       |     7 |    54 |   151 |   227 ||   439
       Lajatang          |       |       |       |       |   277 |   478 ||   755
Invok: Slouch            |       |       |     5 |    32 |    49 |     8 ||    94
Evoke: Wand              |       |     2 |     4 |       |       |       ||     6
  Use: Potion            |     1 |       |     2 |     2 |       |       ||     5
       Scroll            |       |       |       |       |       |    14 ||    14
 Stab: Distracted        |       |       |       |     1 |       |       ||     1
  Eat: Ration            |       |       |       |     1 |     3 |       ||     4
       Chunk             |       |       |       |     2 |     7 |     5 ||    14
Armor: Leather armour    |     5 |     2 |       |       |       |       ||     7
       Scale mail        |       |     3 |    10 |     8 |       |       ||    21
       Plate armour      |       |       |       |    23 |   189 |   167 ||   379
Dodge: Dodged            |    19 |     3 |    23 |   120 |   391 |   383 ||   939

Table legend:
 A = Spawn XP
 B = Non-spawn XP
 C = Spawn XP percentage of total XP
 D = Spawn monster count
 E = Non-spawn monster count
 F = Spawn count percentage of total count
 G = Total turns spent on level
                    A         B        C        D         E        F      G
               +---------+---------+-------+---------+---------+-------+---------
         Total |       0 |  337728 |   0.0 |       0 |     350 |   0.0 |  5978
               +---------+---------+-------+---------+---------+-------+---------
             D |       0 |  337728 |   0.0 |       0 |     350 |   0.0 |  5978
               +---------+---------+-------+---------+---------+-------+---------
